 Dungeon Crawl Stone Soup version 0.17-a0-2127-g1cb09f6 (webtiles) character file.

109 Menchi the Vandal (level 5, 0/35 HPs)
             Began as a Human Wanderer on Oct 22, 2015.
             Slain by a jackal (1 damage)
             ... on level 4 of the Dungeon.
             The game lasted 00:24:06 (2081 turns).

Menchi the Vandal (Human Wanderer)                  Turns: 2081, Time: 00:24:06

Health: 0/35       AC:  2    Str: 12      XL:     5   Next: 13%
Magic:  1/8        EV: 11    Int: 13      God:
Gold:   76         SH:  0    Dex: 13 (15) Spells: 3 memorised, 4 levels left

rFire  + + +     SeeInvis +     h - +3 hunting sling (velocity)
rCold  . . .     Clarity  .     d - +0 robe
rNeg   . . .     SustAt   .     (no shield)
rPois  +         Gourm    .     (no helmet)
rElec  +         Spirit   .     (no cloak)
rCorr  +         Warding  .     (no gloves)
rMut   .         Stasis   .     (no boots)
MR     .....                    (no amulet)
Stlth  ++........               v - ring of fire
                                k - ring of see invisible

@: resistant, very slightly contaminated, invisible, not resistant to hostile
enchantments, unstealthy
A: agile 1, fire resistance 1, screaming 1
a: no special abilities


You were on level 4 of the Dungeon.
You were not hungry.

You visited 1 branch of the dungeon, and saw 4 of its levels.

You collected 76 gold pieces.

Inventory:

Hand Weapons
 h - a +3 hunting sling of velocity (weapon)
Missiles
 j - 112 stones (quivered)
Armour
 d - a +0 robe (worn)
Jewellery
 k - a ring of see invisible (left hand)
 l - an uncursed amulet of faith
 v - a ring of fire (right hand)
Scrolls
 n - a scroll of noise
 s - a scroll of remove curse
 t - a scroll of random uselessness
 w - 2 scrolls of immolation
Potions
 e - a potion of heal wounds {unknown}
 o - a potion of invisibility
 p - a potion of degeneration {unknown}
 q - a potion of might {unknown}
 r - 2 potions of agility {unknown}
Books
 a - a book of Geomancy

   Spells                             Type                      Level
   a - Sandblast                      Earth                        1
   b - Stoneskin                      Transmutation/Earth          2
   c - Passwall                       Transmutation/Earth          3
   d - Stone Arrow                    Conjuration/Earth            3
   e - Petrify                        Transmutation/Earth          4
   f - Lee's Rapid Deconstruction     Earth                        5
 b - the Almanac of Contamination

   Spells                             Type                      Level
   a - Sting                          Conjuration/Poison           1
   b - Spider Form                    Transmutation/Poison         3
 c - the Papyrus of Slavery

   Spells                             Type                      Level
   a - Summon Butterflies             Summoning                    1
   b - Summon Guardian Golem          Hexes/Summoning              3
Comestibles
 f - 4 bread rations
 i - a royal jelly


   Skills:
 * Level 2.7 Slings
 + Level 0.2 Dodging
 + Level 1.8 Stealth
   Level 1.0 Shields
 + Level 2.2 Spellcasting
 + Level 1.0 Summonings
   Level 2.0 Fire Magic
   Level 2.0 Air Magic
 * Level 2.5 Earth Magic


You had 4 spell levels left.
You knew the following spells:

 Your Spells              Type           Power        Failure   Level  Hunger
a - Sandblast             Erth           #.....       10%         1    ##.....
b - Summon Butterflies    Summ           #.......     17%         1    ##.....
c - Stoneskin             Trmt/Erth      #.......     24%         2    ###....


Dungeon Overview and Level Annotations

Branches:
Dungeon (4/15)
 Temple: D:4-7

Altars:
Trog
Yredelemnul

Annotations:
D:4 Eustachio


Innate Abilities, Weirdness & Mutations

You are agile. (Dex +2)
Your flesh is heat resistant.
You occasionally shout uncontrollably at your foes.


Message History

Eustachio mumbles some strange words.
Eustachio blinks!
The ufetubus hits you.
* * * LOW HITPOINT WARNING * * *
The ufetubus hits you.
* * * LOW HITPOINT WARNING * * *
The quasit bites you but does no damage.
The quasit claws you.
* * * LOW HITPOINT WARNING * * *
The quasit barely misses you.
Drink which item? (? for menu, Esc to quit)
It was a potion of mutation.
You feel extremely strange.
You feel agile.
You feel resistant to heat.
You feel the urge to shout. The jackal bites you.
* * * LOW HITPOINT WARNING * * *
The ufetubus barely misses you. The ufetubus closely misses you.
The quasit barely misses you. The quasit closely misses you.
The quasit claws you.
* * * LOW HITPOINT WARNING * * *
The jackal bites you.
You die...

......##...§≈§≈.
......#....§§≈≈≈
#.#...#....##≈≈#
..#......### ##
..#......#########
..#...........#..#
..#...........#..#
#...........#..#
#........####5@#
#......@....hh5#
#.(.....(..b(..#
#####.....b#####
......(......
[..............
####.(....#####
.........
....(......


You could see Eustachio, a quasit, an ufetubus and 2 jackals.

Vanquished Creatures
  An orc priest (D:3)
  3 adders
  2 worms (D:3)
  2 giant geckos
  3 orcs
  3 giant cockroaches
  8 hobgoblins
  3 jackals (D:2)
  2 ball pythons
  3 bats
  4 giant newts (D:1)
  6 goblins
  7 kobolds
  9 rats
56 creatures vanquished.

Notes
Turn   | Place    | Note
--------------------------------------------------------------
     0 | D:1      | Menchi the Human Wanderer began the quest for the Orb.
     0 | D:1      | Menchi set off with: a book of Geomancy, the Almanac of Contamination, the Papyrus of Slavery, a +0 robe, a +0 club, a bread ration
     0 | D:1      | Reached XP level 1. HP: 13/13 MP: 2/2
     0 | D:1      | Identified the Almanac of Contamination
     0 | D:1      | Identified the Papyrus of Slavery
     2 | D:1      | Learned a level 1 spell: Sandblast
     4 | D:1      | Learned a level 1 spell: Summon Butterflies
   311 | D:1      | Reached XP level 2. HP: 19/19 MP: 3/3
   818 | D:1      | Reached XP level 3. HP: 24/24 MP: 5/5
  1011 | D:2      | Learned a level 2 spell: Stoneskin
  1065 | D:2      | Reached skill level 1 in Slings
  1153 | D:2      | Found a bloodstained altar of Trog.
  1159 | D:2      | Found a basalt altar of Yredelemnul.
  1582 | D:3      | Reached XP level 4. HP: 26/30 MP: 7/7
  1852 | D:3      | Reached XP level 5. HP: 29/35 MP: 6/8
  2042 | D:4      | Noticed Eustachio
  2081 | D:4      | Gained mutation: You are agile. (Dex +2) [potion of mutation]
  2081 | D:4      | Gained mutation: Your flesh is heat resistant. [potion of mutation]
  2081 | D:4      | Gained mutation: You occasionally shout uncontrollably at your foes. [potion of mutation]
  2081 | D:4      | HP: 1/35 [quasit[Eustachio] (2)]
  2081 | D:4      | Slain by a jackal

Vault maps used:
D:1:      grunt_arrival_crossed_arrows, corexii_corridor_pit
D:2:      grunt_temple_overflow_open
D:3:      nicolae_overflow_hidden_temple
D:4:      minmay_temple_entry_fiery, uniq_menkaure, uniq_edmund, uniq_eustachio

Action                   |  1- 3 |  4- 6 || total
-------------------------+-------+-------++-------
Melee: Club              |     3 |       ||     3
 Fire: Hunting sling     |    68 |    50 ||   118
 Cast: Sandblast         |     6 |     9 ||    15
       Summon Butterflie |     3 |     5 ||     8
       Stoneskin         |     1 |     2 ||     3
  Use: Scroll            |     8 |     1 ||     9
       Potion            |     1 |     4 ||     5
  Eat: Meat ration       |     1 |       ||     1
